 Dungeon Crawl Stone Soup version 0.27-a0-394-g49c82dfaf2 (webtiles) character file.

Game seed: 4187965794930146322

119 dolemite99 the Chiller (level 4, 0/30 HPs)
             Began as a Demonspawn Ice Elementalist on Feb 20, 2021.
             Slain by a hound skeleton (4 damage)
             ... on level 3 of the Dungeon.
             The game lasted 00:05:00 (5982 turns).

dolemite99 the Chiller (DsIE)                       Turns: 5982, Time: 00:05:01

Health: 0/30       AC:  4    Str:  9    XL:     4   Next: 73%
Magic:  1/7        EV: 12    Int: 17    God:
Gold:   36         SH:  0    Dex: 13    Spells: 3/7 levels left

rFire    . . .     SeeInvis .   e - +0 dagger
rCold    . . .     Faith    .   (no shield)
rNeg     . . .     Spirit   .   a - +0 robe
rPois    .         Reflect  .   p - +0 helmet
rElec    .         Harm     .   (no cloak)
rCorr    .         Rampage  .   (no gloves)
Will     .....                  (no boots)
Stlth    ++........             (no amulet)
HPRegen  0.10/turn              (no ring)
MPRegen  0.10/turn              (no ring)

@: frozen ramparts, very slightly contaminated
A: rugged brown scales 1, demonic guardian 1
a: no special abilities


You were on level 3 of the Dungeon.
You visited 1 branch of the dungeon, and saw 3 of its levels.

You collected 36 gold pieces.

Inventory:

Hand Weapons
 e - a +0 dagger (weapon)
Missiles
 d - 77 stones
 f - 6 javelins
 j - 83 sling bullets
 k - 4 silver boomerangs
 m - 25 arrows
 s - 35 poisoned darts
Armour
 a - a +0 robe (worn)
 p - a +0 helmet (worn)
Wands
 h - a wand of flame (25)
Scrolls
 c - a scroll of amnesia
 g - a scroll of fog
 i - a scroll of enchant weapon
 l - a scroll of teleportation {unknown}
 n - a scroll of noise {unknown}
 o - a scroll of blinking {unknown}
 t - a scroll of immolation {unknown}
 u - a scroll of enchant armour {unknown}
Potions
 b - a potion of resistance
 q - 2 potions of heal wounds
 r - a potion of invisibility


   Skills:
 - Level 1.7 Dodging
 - Level 1.7 Stealth
 - Level 2.0 Spellcasting
 + Level 5.6 Ice Magic


You had 3 spell levels left.
You knew the following spells:

 Your Spells              Type           Power        Failure   Level
a - Freeze                Ice            80%          1%          1
b - Frozen Ramparts       Ice            40%          6%          3

Your spell library contained the following spells:

 Spells                   Type           Power        Failure   Level
 Ozocubu's Armour         Ice            20%          6%          3
 Animate Skeleton         Necr           2%           19%         1
 Apportation              Tloc           2%           19%         1
 Corona                   Hex            1%           19%         1
 Summon Small Mammal      Summ           4%           19%         1
 Hailstorm                Conj/Ice       11%          52%         4
 Summon Ice Beast         Ice/Summ       11%          52%         4


Dungeon Overview and Level Annotations

Branches:
Dungeon (3/15)

Altars:


Innate Abilities, Weirdness & Mutations

You are partially covered in rugged brown scales. (AC +1, +3% HP)
A weak demonic guardian rushes to your aid.


Message History

The giant cockroach is moderately wounded.
The giant cockroach closely misses you. The giant cockroach misses you.
You hit the giant cockroach.
The giant cockroach is heavily wounded.
The centaur shoots an arrow.
The arrow hits you. The giant cockroach closely misses you.
The centaur unwields a +0 shortbow.
The centaur barely misses you.
Casting: Freeze (safe; 1% risk of failure)
Confirm with . or Enter, or press ? or * to list all spells.
Casting: Frozen Ramparts (dangerous; 6% risk of failure)
Press: ? - help, Dir - look around, f - activate The walls around you are covered in ice.
The wall freezes the centaur.
The centaur hits you.
The wall freezes the giant cockroach.
You kill the giant cockroach!
Casting: Frozen Ramparts (dangerous; 6% risk of failure)
Confirm with . or Enter, or press ? or * to list all spells.
Aiming: Freeze (safe; 1% risk of failure)
Press: ? - help, Shift-Dir - straight line, f - centaur
Aim: a centaur, quivering arrows (lightly wounded)
You miscast Freeze.
You are very lightly contaminated with residual magic.
Nothing appears to happen.
The wall freezes the centaur.
The centaur misses you.
The hound skeleton completely resists.
The wall freezes the hound skeleton but does no damage.
The wall freezes the centaur.
The centaur hits you but does no damage.
Casting: Freeze (safe; 1% risk of failure)
Confirm with . or Enter, or press ? or * to list all spells.
Aiming: Freeze (safe; 1% risk of failure)
Press: ? - help, Shift-Dir - straight line, f/p - centaur
Aim: a centaur, quivering arrows (moderately wounded)
You freeze the centaur!
The centaur is heavily wounded.
The wall freezes the centaur.
The centaur hits you!
* * * LOW HITPOINT WARNING * * *
A demonic guardian appears!
The hound skeleton completely resists.
The wall freezes the hound skeleton but does no damage.
The hound skeleton bites you.
You die...

##.########.##.# #.
...#....##.##.# #.
#.#####.##.##.# #.
#.#####.##.##.# #.
########.............# #.
...............#..#### #.
#######.#####..#.## #.
#######.#####..#.### #.
.........#5.@Z.....#######
#.
#.#####..#.##c...........#
#. #..#.##....#####.#.###.
#.....#....# #.......
#..!.......# #.#.####
#..........# #.#.#
............# #.#.#
###........#.. ..#.#
##......c... ###.#


You could see a centaur (ally target), a hound skeleton and a friendly shadow
imp (summoned).

Vanquished Creatures
  Natasha (D:1)
  Robin (D:1)
  2 adders (D:2)
  A worm (D:3)
  2 dart slugs (D:1)
  A leopard gecko (D:2)
  2 giant cockroaches
  17 goblins
  11 hobgoblins
  A quokka (D:1)
  A bat (D:2)
  A frilled lizard (D:1)
  10 kobolds
  5 rats
56 creatures vanquished.

Notes
Turn   | Place    | Note
-------+----------+-------------------------------------------
     0 | D:1      | dolemite99 the Demonspawn Ice Elementalist began the quest
                  | for the Orb.
     0 | D:1      | Reached XP level 1. HP: 13/13 MP: 3/3
   555 | D:1      | Reached skill level 4 in Ice Magic
   786 | D:1      | Gained mutation: You are partially covered in rugged brown
                  | scales. (AC +1, +3% HP) [demonic ancestry]
   786 | D:1      | Reached XP level 2. HP: 13/19 MP: 1/5
  2716 | D:2      | Gained mutation: A weak demonic guardian rushes to your
                  | aid. [demonic ancestry]
  2716 | D:2      | Reached XP level 3. HP: 20/24 MP: 3/6
  2843 | D:2      | Noticed Robin
  3063 | D:1      | Killed Robin
  3255 | D:2      | Noticed Natasha
  3278 | D:2      | Reached skill level 5 in Ice Magic
  3286 | D:1      | Killed Natasha
  3287 | D:1      | Reached XP level 4. HP: 4/30 MP: 0/7
  4385 | D:2      | Learned a level 3 spell: Frozen Ramparts
  5968 | D:3      | Noticed a centaur
  5982 | D:3      | Slain by a hound skeleton

Illustrated notes

Levels and vault maps discovered:
D:1:      scummos_arrival_star, layout_loops_cross,
          corexii_item_surrounded_by_moat
D:2:      layout_rooms, minmay_goblin_outpost, uniq_natasha, uniq_robin
D:3:      layout_loops_ring, lemuel_doored_altar, amcnicky_mini_corridor_feature

Skill      XL: |  1  2  3 |
---------------+----------+-----
Ice Magic      | 4 5 |  5.6
Dodging        | |  1.7
Stealth        | |  1.7
Spellcasting   | |  2.0

Action                   |  1- 3 |  4- 6 || total
-------------------------+-------+-------++-------
Melee: Dagger            |     4 |     7 ||    11
       Unarmed           |     1 |       ||     1
 Cast: Freeze            |    57 |    34 ||    91
       Frozen Ramparts   |       |     1 ||     1
  Use: Scroll            |       |     6 ||     6
Armor: Robe              |     7 |     8 ||    15
Dodge: Dodged            |    46 |    35 ||    81

Table legend: (Time is in decaauts)
 A = Elapsed time spent in this place.
 B = Non-inter-level travel time spent in this place.
 C = Inter-level travel time spent in this place.
 D = Time resting spent in this place.
 E = Time spent auto-exploring this place.
 F = Levels seen in this place.
 G = Mean time per level.
                   A        B        C        D        E       F      G
               +--------+--------+--------+--------+--------+-----+--------+
         Total |   5990 |   5927 |     63 |   4365 |    969 |   3 | 1996.7 |
       Dungeon |   5990 |   5927 |     63 |   4365 |    969 |   3 | 1996.7 |
               +--------+--------+--------+--------+--------+-----+--------+

Top non-repeatable levels by time:
     D:1: 3744 daAuts
     D:2: 1756 daAuts
     D:3: 489 daAuts
